 Dungeon Crawl Stone Soup version 0.29-a0-214-g17f627cfee (webtiles) character file.

Game seed: 8645218552753437530

485 sammy202020 the Skirmisher (level 7, -13/74 HPs)
             Began as an Ogre Berserker on Feb 24, 2022.
             Was a Believer of Trog.
             Mangled by a gnoll sergeant
             ... wielding a +0 trident
              (17 damage)
             ... on level 5 of the Dungeon.
             The game lasted 00:14:10 (3922 turns).

sammy202020 the Skirmisher (Ogre Berserker)         Turns: 3922, Time: 00:14:10

Health: -13/74     AC: -6    Str: 24    XL:     7   Next: 13%
Magic:  7/7        EV: 12    Int:  8    God:    Trog [**....]
Gold:   162        SH:  0    Dex: 20    Spells: 6/6 levels left

rFire   . . .      SeeInvis .   a - +1 spear
rCold   . . .      Faith    .   (no shield)
rNeg    . . .      Spirit   .   b - +1 animal skin
rPois   .          Reflect  .   i - +2 hat
rElec   .          Harm     .   (no cloak)
rCorr   .          Rampage  .   (gloves unavailable)
Will    ++...                   (boots unavailable)
Stlth   ++........              (no amulet)
HPRegen 1.22/turn               g - +6 ring of dexterity
MPRegen 0.10/turn               k - +6 ring of dexterity

@: strong-willed (expiring), corroded, on berserk cooldown, regenerating
(expiring), slowed, very slow
A: large, unfitting armour, tough skin 1
a: Renounce Religion, Berserk, Trog's Hand


You were on level 5 of the Dungeon.
You worshipped Trog.
Trog was pleased with you.
You visited 1 branch of the dungeon, and saw 5 of its levels.

You collected 162 gold pieces.

Inventory:

Hand Weapons
 a - a +1 spear (weapon)
 e - a +0 giant club
Armour
 b - a +1 animal skin (worn)
 i - a +2 hat (worn)
 o - an orb of light
Jewellery
 d - a ring of fire
 g - a +6 ring of dexterity (left hand)
 h - a ring of willpower
 k - a +6 ring of dexterity (right hand)
Scrolls
 c - 4 scrolls of teleportation
Potions
 f - 3 potions of resistance
 j - a potion of flight
 l - a potion of curing
 m - a potion of mutation {unknown}
 n - 3 potions of cancellation
 q - a potion of ambrosia {unknown}


   Skills:
 + Level 5.7 Fighting
 + Level 5.4 Polearms
 + Level 3.9 Dodging
 + Level 2.5 Stealth


You had 6 spell levels left.
You didn't know any spells.
Your spell library was empty.

Dungeon Overview and Level Annotations

Branches:
Dungeon (5/15)             Temple (0/1) D:4

Altars:
Yredelemnul


Innate Abilities, Weirdness & Mutations

You are too large for most types of armour.
You have tough skin. (AC +1)


Message History

The jelly is severely wounded.
The jelly hits you.
You are splashed with acid.
* * * LOW HITPOINT WARNING * * *
A gnoll comes into view. It is wielding a +0 flail.
Your skin crawls.
You feel strong-willed. The gnoll sergeant closely misses you.
A gnoll comes into view. It is wielding a +0 club.
The jelly closely misses you. The gnoll sergeant misses you.
A red film seems to cover your vision as you go berserk!
You feel yourself moving faster!
You feel mighty!
The gnoll shouts!
The gnoll sergeant hits you from afar with a +0 trident!
* * * LOW HITPOINT WARNING * * *
The jelly misses you.
You puncture the jelly!
You kill the jelly!
Trog accepts your kill. The gnoll sergeant closely misses you.
You feel a strong urge to attack something.
The gnoll sergeant barely misses you.
You barely miss the gnoll sergeant.
The gnoll sergeant hits you with a +0 trident!
* * * LOW HITPOINT WARNING * * *
You barely miss the gnoll sergeant.
You punch the gnoll sergeant, but do no damage.
The gnoll sergeant hits you with a +0 trident!
* * * LOW HITPOINT WARNING * * *
Okay, then.
You are too berserk!
The gnoll sergeant barely misses you.
You feel a strong urge to attack something.
You are no longer berserk.
You are exhausted.
You feel yourself slow down.
You feel the effects of Trog's Hand fading.
The gnoll sergeant hits you from afar with a +0 trident.
* * * LOW HITPOINT WARNING * * *
The gnoll sergeant hits you from afar with a +0 trident!
You die...

...# ##.....## #..#.#
#..#### ##.# ##...##
#..#.# #...... #.#
##+## #..#.# #.≈≈≈≈≈
##.# #.# #....# #.≈≈≈≈≈
...# ###.#######.##.#
#.≈≈>.≈ #### #........#
#.≈≈⌠_≈
########.!..###.#
##.≈≈≈≈≈
......##......#.#####.#
#..≈≈≈≈≈
...[..##....#...@.....#
#..(....
..≈.≈≈...)....#.#######
#.###.#.
..≈...##.#.####g#
#....... ≈..≈..##.#.#
#g# ########
......##.#.# #g#
......##....


gg# ##########.# ...# ....... ....... You could see a gnoll sergeant (fast), a
gnoll shaman and 3 gnolls.

Vanquished Creatures
  An ogre (D:4)
  A centaur (D:5)
  A jelly (D:5)
  4 orc priests
  3 iguanas
  2 adders (D:4)
  A gnoll (D:5)
  An adder skeleton (D:4)
  2 dart slugs
  An orc (D:5)
  5 ball pythons
  6 endoplasms
  2 giant cockroaches (D:4)
  2 goblins
  8 hobgoblins
  4 jackals (D:4)
  2 quokkas
  5 bats
  4 frilled lizards
  6 kobolds
  6 rats
67 creatures vanquished.

Vanquished Creatures (others)
  14 plants (D:5)
14 creatures vanquished.

Grand Total: 81 creatures vanquished

Notes
Turn   | Place    | Note
-------+----------+-------------------------------------------
     0 | D:1      | sammy202020 the Ogre Berserker began the quest for the Orb.
     0 | D:1      | Reached XP level 1. HP: 24/24 MP: 1/1
    67 | D:1      | Found a faded altar of an unknown god.
   172 | D:1      | Reached XP level 2. HP: 32/32 MP: 2/2
   848 | D:2      | Reached XP level 3. HP: 37/40 MP: 3/3
   995 | D:2      | Reached ** piety under Trog
  1554 | D:3      | Reached XP level 4. HP: 46/49 MP: 4/4
  1878 | D:3      | Reached skill level 1 in Stealth
  1887 | D:3      | Reached skill level 5 in Fighting
  1887 | D:3      | Reached XP level 5. HP: 37/57 MP: 5/5
  2539 | D:4      | Noticed an ogre
  2633 | D:4      | Killed an ogre
  2634 | D:4      | Reached XP level 6. HP: 66/66 MP: 6/6
  2751 | D:4      | Found a staircase to the Ecumenical Temple.
  3120 | D:4      | Reached skill level 5 in Polearms
  3381 | D:5      | Entered Level 5 of the Dungeon
  3540 | D:5      | Found a basalt altar of Yredelemnul.
  3599 | D:5      | Reached XP level 7. HP: 48/74 MP: 7/7
  3919 | D:5      | HP: 5/111 [gnoll sergeant/+0 trident (9)]
  3922 | D:5      | Mangled by a gnoll sergeant

Illustrated notes

Levels and vault maps discovered:
D:1:      dpeg_arrival_houses_and_road, layout_rooms,
          shapermc_ecumenical_altar_totnotflames, minmay_nonomino_d4
D:2:      layout_rooms
D:3:      wad_crossroads, layout_loops_cross
D:4:      layout_loops_corners, minmay_temple_entry_proselytizer, serial_glass,
          glass_columns_a, glass_columns_a, glass_columns_a, glass_columns_c,
          glass_columns_c, glass_columns_a, minmay_statues_item
D:5:      layout_loops_corners, general_overflow_altar, serial_rivers,
          chequers_serial_rivers_micro_b, chequers_serial_rivers_micro_c,
          chequers_serial_rivers_room_a, chequers_serial_rivers_micro_e,
          chequers_serial_rivers_micro_e, nicolae_grassy_gnolls

Skill      XL: |  1  2  3  4  5  6 |
---------------+-------------------+-----
Dodging        | 3 |  3.9
Stealth        | 1 2 |  2.5
Fighting       | 5 |  5.7
Polearms       | 4 5 |  5.4

Action                   |  1- 3 |  4- 6 |  7- 9 || total
-------------------------+-------+-------+-------++-------
Melee: Spear             |    97 |   143 |    15 ||   255
       Punch             |     2 |     2 |     1 ||     5
Invok: Berserk           |       |     3 |     1 ||     4
       Trog's Hand       |       |     1 |     1 ||     2
  Use: Scroll            |    10 |     3 |     1 ||    14
 Stab: Sleeping          |     2 |     9 |       ||    11
Armor: Animal skin       |    19 |    33 |     1 ||    53
Dodge: Dodged            |    53 |    61 |     9 ||   123

Table legend: (Time is in decaauts)
 A = Elapsed time spent in this place.
 B = Non-inter-level travel time spent in this place.
 C = Inter-level travel time spent in this place.
 D = Time resting spent in this place.
 E = Time spent auto-exploring this place.
 F = Levels seen in this place.
 G = Mean time per level.
                   A        B        C        D        E       F      G
               +--------+--------+--------+--------+--------+-----+--------+
         Total |   3916 |   3793 |    123 |      0 |   2628 |   5 |  783.2 |
       Dungeon |   3916 |   3793 |    123 |      0 |   2628 |   5 |  783.2 |
               +--------+--------+--------+--------+--------+-----+--------+

Top non-repeatable levels by time:
     D:4: 1168 daAuts
     D:3: 907 daAuts
     D:1: 665 daAuts
     D:2: 630 daAuts
     D:5: 544 daAuts
